 Dungeon Crawl Stone Soup version 0.31.0-2-g5a2aebc5c2 (webtiles) character file.

Game seed: 14993469746992957840

799 bpung the Changeling (level 7, 0/67 HPs)
             Began as a Troll Shapeshifter on Jan 20, 2024.
             Slain by an adder (3 damage)
             ... on level 6 of the Dungeon.
             The game lasted 00:08:11 (3128 turns).

bpung the Changeling (Troll Shapeshifter)           Turns: 3128, Time: 00:08:13

Health: 0/67       AC:  4    Str: 25    XL:     7   Next: 59%
Magic:  6/6        EV: 10    Int:  6    God:
Gold:   181        SH:  0    Dex:  9    Spells: 6/6 levels left

rFire   . .          .
                       - Unarmed
rCold   . . .        (no shield)
rNeg    . . .        a - +0 animal skin
rPois   .            (helmet currently unavailable)
rElec   .            (cloak currently unavailable)
rCorr   +            (gloves unavailable)
SInv    .            (boots unavailable)
Will    .....        (no amulet)
Stlth   +            i - ring of resist corrosion
HPRegen 1.11/turn    (no ring)
MPRegen 0.10/turn

%: no passive effects
@: lethally poisoned (0 -> -2), beast-form
A: beast (slay +3), large, unfitting armour, claws 3, regeneration 1, shaggy fur
1, tough skin 1
a: Begin Untransformation


You were on level 6 of the Dungeon.
You were a hulking beast.
You visited 1 branch of the dungeon, and saw 7 of its levels.

You collected 181 gold pieces.

Inventory:

Armour
 a - a +0 animal skin (worn)
 f - a +0 cloak
 m - a scarf of harm
Jewellery
 i - a ring of resist corrosion (left claw)
 n - a ring of flight
 s - a ring of ice
Talismans
 c - a beast talisman
 d - a flux talisman
Scrolls
 e - 3 scrolls of identify
 o - a scroll of teleportation
Potions
 g - 2 potions of magic
 k - a potion of curing {unknown}
 l - a potion of might {unknown}
 p - 2 potions of enlightenment
 q - a potion of brilliance {unknown}


   Skills:
 + Level 3.1 Fighting
 + Level 3.5 Dodging
 + Level 4.8 Unarmed Combat
 * Level 5.7 Shapeshifting


You had 6 spell levels left.
You didn't know any spells.
Your spell library contained the following spells:

 Spells                   Type           Power      Damage    Failure   Level
 Magic Dart               Conj           0%         1d3       45%         1
 Summon Small Mammal      Summ           0%         N/A       45%         1
 Blink                    Tloc           0%         N/A       58%         2
 Call Imp                 Summ           0%         N/A       58%         2
 Sublimation of Blood     Necr           0%         N/A       58%         2
 Call Canine Familiar     Summ           0%         N/A       83%         3
 Summon Blazeheart Golem  Fire/Summ      0%         N/A       99%         4
 Summon Hydra             Summ           0%         N/A       100%        7


Dungeon Overview and Level Annotations

Branches:
Dungeon (7/15)             Temple (0/1) D:7

Altars:
Gozag


Innate Abilities, Weirdness & Mutations

You are a hulking beast.
Your limbs bulge with bestial killing power. (Slay +3)
You are too large for most types of armour.
You have claws for hands.
Your natural rate of healing is unusually fast.
You are covered in fur. (AC +1)
You have tough skin. (AC +1)


Message History

The gnoll hits you from afar with a +2 heavy spear.
The gnoll hits you from afar with a +0 halberd.
A bombardier beetle comes into view.
The gnoll attacks as it pursues you! The gnoll barely misses you.
Your attacks no longer feel as feeble.
The gnoll bouda gazes fiercely through you!
You feel your attacks grow feeble. The gnoll barely misses you.
The gnoll is no longer moving quickly.
The bombardier beetle sprays incendiary fluid at you.
The burning spray hits you.
You are covered in liquid fire!
The gnoll bouda barks out a call to the hunt!
The gnoll picks up the pace!
The gnoll attacks as it pursues you!
The gnoll hits you from afar with a +0 halberd!
You shake off some of the fire as you move.
The liquid fire burns you!
You shake off some of the fire as you move.
The liquid fire burns you!
* * * LOW HITPOINT WARNING * * *
The gnoll is no longer moving quickly.
The gnoll attacks as it pursues you! The gnoll barely misses you.
You shake off the liquid fire.
Your attacks no longer feel as feeble.
The gnoll attacks as it pursues you!
The gnoll hits you from afar with a +0 halberd!
* * * LOW HITPOINT WARNING * * *
The gnoll closely misses you.
The gnoll bouda barks out a call to the hunt!
The gnoll picks up the pace!
There is a stone staircase leading down, spattered with blood here.
The gnoll barely misses you.
The gnoll hits you from afar with a +2 heavy spear!
* * * LOW HITPOINT WARNING * * *
You climb downwards.
The adder bites you.
* * * LOW HITPOINT WARNING * * *
You are poisoned.
The adder poisons you! The adder bites you.
You die...

# #######.##
#(.B......
#.h.......
#.S..W....
...#####.........
........>[.......
...#####.........
#.........
#.........
#.........
#........


You could see a phantom, a bombardier beetle and an adder.

Vanquished Creatures
  A water moccasin (D:5)
  2 ogres
  A phantom (D:5)
  A scorpion (D:5)
  2 orc priests (D:4)
  A jelly (D:3)
  2 sleepcaps
  An iguana (D:5)
  An orc wizard (D:2)
  A gnoll (D:5)
  8 adders
  2 ribbon worms
  12 orcs
  6 ball pythons
  9 endoplasms
  13 giant cockroaches
  2 goblins
  7 hobgoblins
  9 jackals
  A quokka (D:1)
  6 bats
  A frilled lizard (D:3)
  5 kobolds
  6 rats
100 creatures vanquished.

Notes
Turn   | Place    | Note
-------+----------+-------------------------------------------
     0 | D:1      | bpung the Troll Shapeshifter began the quest for the Orb.
     0 | D:1      | Reached XP level 1. HP: 18/18 MP: 0/0
    47 | D:1      | Reached skill level 1 in Fighting
    82 | D:1      | Reached XP level 2. HP: 26/27 MP: 1/1
   565 | D:2      | Reached XP level 3. HP: 32/33 MP: 2/2
   757 | D:2      | Reached XP level 4. HP: 30/41 MP: 3/3
  1101 | D:2      | Found a faded altar of an unknown god.
  1387 | D:3      | Reached skill level 4 in Shapeshifting
  1531 | D:3      | Found an opulent altar of Gozag.
  1666 | D:3      | Reached XP level 5. HP: 49/49 MP: 4/4
  2184 | D:4      | Reached XP level 6. HP: 37/57 MP: 5/5
  2682 | D:5      | Entered Level 5 of the Dungeon
  2763 | D:5      | Reached skill level 5 in Shapeshifting
  2861 | D:7      | Found a staircase to the Ecumenical Temple.
  2913 | D:5      | Reached XP level 7. HP: 47/66 MP: 6/6
  3128 | D:6      | HP: 3/67 [adder (4)]
  3128 | D:6      | Slain by an adder

Illustrated notes

Levels and vault maps discovered:
D:1:      mrwooster_arrival_arrow, layout_basic
D:2:      layout_loops_ring, shapermc_ecumenical_altar_totnotflames
D:3:      minmay_roachtagon, layout_rooms, grunt_gozag_statues
D:4:      layout_loops_corners
D:5:      layout_rooms
D:6:      layout_basic, serial_shops, nicolae_shop_mannequins
D:7:      layout_rooms, temple_pool_b, enter_bailey_3, minmay_the_grid_2x2
          [minmay_the_grid_tree, minmay_the_grid_armoury, minmay_the_grid_doors,
          minmay_the_grid_prize_shrinking_boxes]

Skill      XL: |  1  2  3  4  5  6  7 |
---------------+----------------------+-----
Fighting       | 1 2 3 |  3.1
Dodging        | 2 3 |  3.5
Shapeshifting  | 4 5 |  5.7
Unarmed Combat | 4 |  4.8

Action                     |  1- 3 |  4- 6 |  7- 9 || total
---------------------------+-------+-------+-------++-------
  Melee: Unarmed           |    93 |   152 |    25 ||   270
         Punch             |     2 |     4 |     2 ||     8
    Use: Scroll            |       |     6 |     1 ||     7
   Stab: Sleeping          |       |     2 |       ||     2
 Armour: Animal skin       |    56 |    90 |    32 ||   178
  Dodge: Dodged            |    50 |    72 |    30 ||   152
